[Event "*** Titled Tuesday Blitz"]
[Site "Chess.com"]
[Date "2019.12.03"]
[Round "3"]
[White "Kimster98"]
[Black "DangerousPlayer1st"]
[Result "0-1"]
[WhiteElo "2564"]
[BlackElo "2784"]
[TimeControl "180+2"]
[EndTime "13:36:26 PST"]
[Termination "DangerousPlayer1st won by resignation"]

1. d4 Nf6 2. Nf3 g6 3. g3 Bg7 4. Bg2 O-O 5. c4 d6 6. Nc3 Nbd7 7. O-O c6 8. e4 e5 9. h3 Qe7 10. Re1 h6 11. Be3 b6 12. d5 cxd5 13. cxd5 Ba6 14.
Bf1 Bxf1 15. Rxf1 Rac8 16. Nd2 Nh7 17. Nb5 Nb8 18. Rc1 f5 19. Nc4 f4 20. Bd2 Qd7 21.
Ncxd6 Rxc1 22. Bxc1 Qxh3 23. gxf4 exf4 24. f3 a6 25. Nc3 Nd7 26. Rf2 Ne5 27. Qf1 Qh4 28. Rh2 Qe7 0-1

[Event "*** Titled Tuesday Blitz"]
[Site "Chess.com"]
[Date "2019.12.03"]
[Round "3"]
[White "Chesswizard_2007"]
[Black "earling8018"]
[Result "1-0"]
[WhiteElo "2422"]
[BlackElo "1921"]
[TimeControl "180+2"]
[EndTime "13:36:26 PST"]
[Termination "Chesswizard_2007 won by resignation"]

1. d4 d6 2. e4 g6 3. Nc3 Bg7 4. Be3 Nf6 5. f3 Nbd7 6. Qd2 c6 7. g4 b5 8. h4 h5 9. g5 Nh7 10. f4 Bb7 11. Bg2 b4 12. Nce2 c5 13. Nh3 Qb6 14. O-O Ba6 15. e5 Rc8 16. c3 Bxe2 17. Qxe2 cxd4 18.
Bxd4 Nc5 19. exd6 Bxd4+ 20. cxd4 Ne6 21. Kh1 Qxd6 22. Qb5+ Kf8 23. f5 Nxd4 24. Qb7 Kg7 25. Rad1 Rhd8 26. fxg6 fxg6 27. Nf4 Rc2 28. Rxd4 Qxd4 29.
Ne6+ Kh8 30. Nxd4 1-0

[Event "*** Titled Tuesday Blitz"]
[Site "Chess.com"]
[Date "2019.12.03"]
[Round "3"]
[White "Perecke"]
[Black "Kislov_Oleg"]
[Result "1-0"]
[WhiteElo "2155"]
[BlackElo "2507"]
[TimeControl "180+2"]
[EndTime "13:36:27 PST"]
[Termination "Perecke won by checkmate"]

1. e4 e6 2. d4 d5 3. Nc3 Nf6 4. e5 Nfd7 5. Nce2 c5 6. c3 Nc6 7. f4 Qb6 8. Nf3 Be7 9. g3 cxd4 10. cxd4 Bb4+ 11. Bd2 O-O 12. Bh3 a5 13. O-O g6 14. a3 Be7 15. g4 Qxb2 16. f5 exf5 17. gxf5 gxf5 18. Bxf5 Kh8 19. Kh1 Rg8 20. Bh6 Nf8 21.
Bxc8 Rxc8 22. Nf4 Ne6 23. Rb1 Qa2 24. Ra1 Qc4 25. Rc1 Qa2 26. Ra1 Qb2 27. Rb1 Qxa3 28. Nxd5 Qa2 29. Ne3 Ncxd4 30. Nxd4 Rcd8 31. Qc2 Qa3 32. Nxe6 fxe6 33. Rxb7 Bb4 34. Qxh7# 1-0

[Event "*** Titled Tuesday Blitz"]
[Site "Chess.com"]
[Date "2019.12.03"]
[Round "3"]
[White "RainForestt"]
[Black "Siemba"]
[Result "1-0"]
[WhiteElo "2528"]
[BlackElo "2211"]
[TimeControl "180+2"]
[EndTime "13:36:28 PST"]
[Termination "RainForestt won by checkmate"]

1. e4 c5 2. d4 cxd4 3. c3 dxc3 4. Nxc3 d6 5. Nf3 Nc6 6. Bc4 e6 7. Bf4 a6 8. O-O b5 9. Be2 Bb7 10. b4 Nf6 11. a4 bxa4 12. Qxa4 Qd7 13. Rfd1 Be7 14. b5 Na7 15. Ne5 dxe5 16. Rxd7 Nxd7 17. Be3 Nxb5 18. Nxb5 axb5 19. Qxa8+ Bxa8 20. Rxa8+ Bd8 21. Bxb5 f5 22. Bg5 O-O 23. Bxd7 Bxg5 24. Bxe6+ Kh8 25. Rxf8# 1-0

[Event "*** Titled Tuesday Blitz"]
[Site "Chess.com"]
[Date "2019.12.03"]
[Round "3"]
[White "WPWPWP-2015"]
[Black "yavrukurt40"]
[Result "0-1"]
[WhiteElo "2540"]
[BlackElo "2761"]
[TimeControl "180+2"]
[EndTime "13:36:31 PST"]
[Termination "yavrukurt40 won on time"]

1. e4 c5 2. Nf3 Nc6 3. Bb5 e6 4. O-O Nge7 5. Re1 a6 6. Bf1 d5 7.
e5 Ng6 8. c3 d4 9. d3 b5 10. a4 Bb7 11. Na3 dxc3 12. bxc3 b4 13. cxb4 cxb4 14. Nc4 a5 15. Bb2 Be7 16. g3 O-O 17. h4 f6 18. exf6 Bxf6 19. Bxf6 Qxf6 20. Bg2 Nd4 21. Ncd2 Nxf3+ 22. Bxf3 Bxf3 23. Nxf3 Qxf3 24. Qd2 Nxh4 25. gxh4 Rf4 26. Re4 Raf8 27. Rae1 Qg4+ 28. Kf1 Qh3+ 29. Kg1 Qxh4 30. Rxf4 Rxf4 31. Re3 Rg4+ 32. Kf1 Qh1+ 33. Ke2 Qh5 34. Kf1 Rh4 35. Rg3 Rh1+ 36. Kg2 Rd1 0-1

[Event "*** Titled Tuesday Blitz"]
[Site "Chess.com"]
[Date "2019.12.03"]
[Round "3"]
[White "Denis_Palkovich"]
[Black "JosefineHeinemann"]
[Result "1-0"]
[WhiteElo "2237"]
[BlackElo "2398"]
[TimeControl "180+2"]
[EndTime "13:36:35 PST"]
[Termination "Denis_Palkovich won by checkmate"]

1. d4 Nf6 2. Bf4 d5 3. e3 c5 4. c3 Nc6 5. Nd2 Bf5 6. Ngf3 e6 7. Qb3 Qd7 8. Bb5 c4 9. Qa4 Bd6 10. Ne5 Bxe5 11. Bxe5 a6 12. Nf3 O-O 13. Bxc6 Qxc6 14. Qxc6 bxc6 15. Nd2 Ra7 16. b3 cxb3 17. axb3 Rfa8 18.
Ra5 Rb7 19. Ke2 Rb5 20. Rha1 Ne4 21. Nxe4 Bxe4 22. f3 Rxa5 23. Rxa5 Bc2 24. b4 Bb3 25. e4 f6 26. Bd6 Bc4+ 27. Kd2 Kf7 28. Ra1 g5 29. g4 h5 30. h3 Rh8 31. Ke3 hxg4 32.
hxg4 Rh2 33. Bxh2 Kg7 34. Ra5 Bb5 35. Rxb5 axb5 36. exd5 exd5 37. f4 Kg6 38. fxg5 fxg5 39. Be5 Kf7 40. Kf3 Kg6 41. Bf4 Kf6 42. Bxg5+ Kxg5 43. Kg3 Kg6 44. Kf4 Kf6 45. g5+ Kg6 46.
Kg4 Kg7 47. Kf5 Kf7 48. g6+ Kg7 49. Kg5 Kg8 50. Kf6 Kf8 51. g7+ Kg8 52. Kg6 c5 53.
dxc5 d4 54. c6 dxc3 55. c7 c2 56. c8=Q# 1-0

[Event "*** Titled Tuesday Blitz"]
[Site "Chess.com"]
[Date "2019.12.03"]
[Round "3"]
[White "Donseng"]
[Black "aa175"]
[Result "1-0"]
[WhiteElo "2552"]
[BlackElo "2332"]
[TimeControl "180+2"]
[EndTime "13:36:36 PST"]
[Termination "Donseng won by resignation"]

1. Nf3 d5 2. d4 Nf6 3. c4 g6 4. cxd5 Nxd5 5. e4 Nb6 6. h3 Bg7 7. Nc3 O-O 8. Be3 Nc6 9. Be2 Qd6 10. O-O a6 11. Rc1 e5 12. d5 Ne7 13. Na4 Nxa4 14.
Qxa4 Bd7 15. Qa5 b6 16. Qc3 Rfc8 17. Nd2 f5 18. Bg5 h6 19. Nc4 hxg5 20. Nxd6 cxd6 21. Qa3 Rc5 22. b4 Rxc1 23. Rxc1 fxe4 24. Rc7 Rd8 25. b5 axb5 26. Qxd6 Nf5 27. Rxd7 Nxd6 28. Rxd8+ Bf8 29. Rd7 Nc4 30. a4 e3 31. Bxc4 exf2+ 32. Kxf2 Bc5+ 33. Ke2 bxc4 34. Kd2 e4 35. Rc7 e3+ 36. Ke2 Kf8 37. Rxc5 bxc5 38. a5 c3 39. Kxe3 c4 40. a6 Ke7 41. a7 Kd6 1-0

[Event "*** Titled Tuesday Blitz"]
[Site "Chess.com"]
[Date "2019.12.03"]
[Round "3"]
[White "LuckIsMySkill"]
[Black "przemekpiotrowski"]
[Result "1-0"]
[WhiteElo "2733"]
[BlackElo "2435"]
[TimeControl "180+2"]
[EndTime "13:36:41 PST"]
[Termination "LuckIsMySkill won by resignation"]

1. Nf3 g6 2. c4 Bg7 3. g3 c5 4. Bg2 Nc6 5. O-O e6 6. Nc3 Nge7 7. a3 O-O 8. d3 d5 9. Bg5 h6 10. Bd2 d4 11. Na4 b6 12. b4 Qd6 13. bxc5 bxc5 14.
e3 f5 15. exd4 cxd4 16. Re1 e5 17. c5 Qc7 18. Nb2 Be6 19. Qa4 Bd5 20. Nc4 e4 21.
Bf4 Qd8 22. dxe4 fxe4 23. Nfe5 g5 24. Bxe4 gxf4 25. Nxc6 Nxc6 26. Nd6 Bxe4 27. Rxe4 fxg3 28. hxg3 Ne5 29. Kg2 Kh8 30. Rh1 Nd3 31. Rxh6+ Bxh6 32. Qxd4+ Kh7 33. Qxd3 Kh8 34. Re6 Bg7 35. Re1 Rf6 36.
Rh1+ Kg8 37. Rh5 Qd7 38. Qd5+ Kf8 39. Qxa8+ Ke7 40. Rh7 Ke6 1-0

[Event "*** Titled Tuesday Blitz"]
[Site "Chess.com"]
[Date "2019.12.03"]
[Round "3"]
[White "LastHeroJr"]
[Black "Chempiblinka"]
[Result "0-1"]
[WhiteElo "2545"]
[BlackElo "2339"]
[TimeControl "180+2"]
[EndTime "13:36:41 PST"]
[Termination "Chempiblinka won by checkmate"]

1. e4 Nf6 2. e5 Nd5 3. d4 d6 4. Nf3 Bg4 5. Be2 e6 6. h3 Bh5 7.
O-O Be7 8. c4 Nb6 9. exd6 cxd6 10.
Nc3 O-O 11. Be3 d5 12. c5 Bxf3 13. gxf3 Nc8 14. b4 Nc6 15. Rb1 Bf6 16. Bb5 N8e7 17.
Ne2 Nf5 18. Kh1 Bg5 19. f4 Bf6 20. Qd2 a5 21. a3 axb4 22. axb4 Ra3 23. Rfd1 g6 24.
Rdc1 Qa8 25. Rb2 Nh4 26. Ng3 Nf3 27. Qd1 Nfxd4 28. Bf1 Nf5 29. Rb3 Rxb3 30. Qxb3 Nxg3+ 31.
fxg3 d4 32. Bf2 b5 33. cxb6 Na5+ 34. Bg2 Nxb3 35. Bxa8 Rxa8 36. b7 Ra2 37. b8=Q+ Kg7 38. Bg1 Nxc1 39. b5 Ne2 40. b6 Nxg3# 0-1

[Event "*** Titled Tuesday Blitz"]
[Site "Chess.com"]
[Date "2019.12.03"]
[Round "3"]
[White "Kawhi_Leonard2"]
[Black "x-3738459472"]
[Result "0-1"]
[WhiteElo "2287"]
[BlackElo "2551"]
[TimeControl "180+2"]
[EndTime "13:36:41 PST"]
[Termination "x-3738459472 won by resignation"]

1. e4 c5 2. Nf3 Nc6 3. d4 cxd4 4.
Nxd4 e5 5. Nb5 d6 6. c4 Be7 7.
N1c3 a6 8. Na3 f5 9. Bd3 f4 10.
g3 Nf6 11. gxf4 exf4 12. Bxf4 O-O 13. Qd2 Ng4 14. Nd1 Nd4 15. Be2 Nxe2 16. Kxe2 Qb6 17. f3 Ne5 18. Rf1 Bh3 19. Rf2 Rae8 20. Nc3 Rxf4 21. Nd5 Qxf2+ 22. Kxf2 Bh4+ 23. Ke2 Rxf3 24.
Qd4 Nc6 25. Qg1 Rf7 26. Kd3 Ne5+ 27. Kc3 Rf3+ 28. Kb4 Nd3+ 29. Ka5 Bd8+ 30. Nb6 Re5+ 31. Ka4 Nc5+ 32. Kb4 Bxb6 0-1

[Event "*** Titled Tuesday Blitz"]
[Site "Chess.com"]
[Date "2019.12.03"]
[Round "3"]
[White "Jbd735"]
[Black "Caisachess"]
[Result "0-1"]
[WhiteElo "2414"]
[BlackElo "2259"]
[TimeControl "180+2"]
[EndTime "13:36:42 PST"]
[Termination "Caisachess won on time"]

1. e4 e5 2. Nf3 Nc6 3. Bb5 f5 4. Nc3 fxe4 5. Nxe4 Nf6 6. Qe2 d5 7. Ng3 e4 8. Ne5 Qd6 9. d4 Be7 10. Bf4 Qe6 11. O-O O-O 12. Bxc6 bxc6 13. Qd2 Nd7 14. Nxd7 Qxd7 15. Be5 c5 16. Nh5 Rf7 17. c3 Ba6 18. Rfe1 Raf8 19. Bg3 Qg4 20. Qd1 Qg5 21.
h4 Qf5 22. Nf4 Bd6 23. dxc5 Bxf4 24. Bxf4 Qxf4 0-1

[Event "*** Titled Tuesday Blitz"]
[Site "Chess.com"]
[Date "2019.12.03"]
[Round "3"]
[White "masrahi"]
[Black "Manukyan_Artak"]
[Result "0-1"]
[WhiteElo "1956"]
[BlackElo "2337"]
[TimeControl "180+2"]
[EndTime "13:36:46 PST"]
[Termination "Manukyan_Artak won by resignation"]

1. c4 g6 2. Nc3 c5 3. g3 h5 4. h4 Nh6 5. Bg2 Nf5 6. Nf3 Nc6 7. d3 d6 8. O-O Bg7 9. Bg5 O-O 10. Nd5 Be6 11. Nc3 Qd7 12. Rb1 a6 13. a3 Rfb8 14.
Na4 b5 15. cxb5 axb5 16. Nc3 b4 17. axb4 Rxb4 18. Nd2 Rab8 19. Qc1 Ncd4 20. Re1 Nb3 21.
Nxb3 Rxb3 22. Nd5 Rxb2 23. Rxb2 Rxb2 24. Bf6 Rb8 25. Bxg7 Kxg7 26. Qc3+ f6 27. Nf4 Bf7 28. Ra1 Nd4 29. e3 Nb3 30. Rb1 Qc7 31. Nd5 Bxd5 32. Bxd5 Nd4 33. Qc1 Ne2+ 0-1

[Event "*** Titled Tuesday Blitz"]
[Site "Chess.com"]
[Date "2019.12.03"]
[Round "3"]
[White "eCztery"]
[Black "IgorBjelobrk"]
[Result "0-1"]
[WhiteElo "2409"]
[BlackElo "2695"]
[TimeControl "180+2"]
[EndTime "13:36:48 PST"]
[Termination "IgorBjelobrk won by checkmate"]

1. d4 Nf6 2. Nc3 d5 3. Bf4 e6 4. e3 Bb4 5. Nf3 O-O 6. Bd3 c5 7. dxc5 Nbd7 8. O-O Nxc5 9. Ne5 Bxc3 10. bxc3 Nfe4 11. c4 f6 12. Nf3 e5 13. Bg3 Nxg3 14.
hxg3 e4 15. cxd5 exd3 16. cxd3 Qxd5 17. Nd4 Bd7 18. Rc1 b6 19. a3 Rfd8 20. Kh2 Rac8 21. Rh1 Ne6 22. Rxc8 Rxc8 23. Nf3 Rc3 24. d4 Rxa3 25.
Qc1 Ra2 26. Nd2 Qc6 27. Qd1 Qc2 28. Ne4 Qxe4 29. d5 Nf8 30. Qe1 Qxd5 31. e4 Qd4 32. f3 Rd2 33. Qb1 a5 34. Rc1 a4 35. Rc7 Rd1 36.
Qa2+ Be6 37. Qa3 Qg1# 0-1

[Event "*** Titled Tuesday Blitz"]
[Site "Chess.com"]
[Date "2019.12.03"]
[Round "3"]
[White "Region_07"]
[Black "Sankalp_Gupta2003"]
[Result "0-1"]
[WhiteElo "2373"]
[BlackElo "2764"]
[TimeControl "180+2"]
[EndTime "13:36:48 PST"]
[Termination "Sankalp_Gupta2003 won on time"]

1. d4 d5 2. Nf3 Nf6 3. c4 e6 4. e3 a6 5. b3 b6 6. Bd3 Bb7 7. O-O Nbd7 8. Nbd2 Bd6 9. Bb2 O-O 10.
Qe2 Ne4 11. Ne5 Nxd2 12. Qxd2 dxc4 13. Bxc4 Nf6 14. Rad1 Ne4 15. Qe2 Qh4 16. f3 Nf6 17. Qf2 Qh6 18. e4 Rad8 19. Bc1 Qh5 20. Bb2 c5 21. a4 cxd4 22. g4 Qxe5 23. Bxd4 Qg5 24. h4 Qg6 25. e5 Nxg4 26. fxg4 Qxg4+ 27. Kh2 Bxe5+ 28. Bxe5 Rxd1 29. Rxd1 Qxd1 0-1

[Event "*** Titled Tuesday Blitz"]
[Site "Chess.com"]
[Date "2019.12.03"]
[Round "3"]
[White "johnathan113"]
[Black "Msb2"]
[Result "0-1"]
[WhiteElo "2585"]
[BlackElo "2824"]
[TimeControl "180+2"]
[EndTime "13:36:50 PST"]
[Termination "Msb2 won on time"]

1. e4 c6 2. d4 d5 3. exd5 cxd5 4.
c4 Nf6 5. Nc3 Nc6 6. Nf3 a6 7. Bg5 Be6 8. Be2 g6 9. O-O Bg7 10. Rc1 O-O 11. cxd5 Nxd5 12. Ne4 Bg4 13. Nc5 Bxf3 14. Bxf3 Nxd4 15. Nxb7 Qd7 16. Nc5 Qf5 17. Bxd5 Qxd5 18. Be3 Rfd8 19. b3 Rac8 20. Na4 Rxc1 21. Bxc1 Qe4 22. Nc3 Qc6 23. Bb2 Rd7 24.
Na4 h5 25. Re1 h4 26. Bxd4 Bxd4 27. Qg4 Qf6 28. Rf1 Rc7 29. h3 Rc2 30. Kh1 Rxf2 0-1

[Event "*** Titled Tuesday Blitz"]
[Site "Chess.com"]
[Date "2019.12.03"]
[Round "3"]
[White "GameOverBro"]
[Black "Micki-taryan"]
[Result "0-1"]
[WhiteElo "2487"]
[BlackElo "2986"]
[TimeControl "180+2"]
[EndTime "13:36:55 PST"]
[Termination "Micki-taryan won by resignation"]

1. e4 c5 2. Ne2 Nc6 3. Nbc3 d6 4. g3 e5 5. Bg2 h5 6. h3 h4 7. g4 g5 8. d3 f6 9. Nd5 Bg7 10. Be3 Nge7 11. Nec3 Ng6 12. O-O Be6 13. a3 Nd4 14. b4 b6 15. Ne2 O-O 16. c3 Nxe2+ 17. Qxe2 Nf4 18. Bxf4 exf4 19. Rad1 Qd7 20. c4 Rfe8 21. Qd2 Bxd5 22. exd5 f5 23. Bf3 Bd4 24. gxf5 Qxf5 25. Bg4 Qf6 26. Rde1 Re5 27. Rxe5 Bxe5 28. Qe2 Re8 29.
b5 Kg7 30. a4 Re7 31. Re1 a6 32. Be6 axb5 33. axb5 Ra7 34. Kg2 Bd4 35. Qh5 Qg6 36. Qxg6+ Kxg6 37. Re2 Ra1 38. Rd2 Kf6 39. Bg4 Bc3 40.
Rc2 Be5 41. Rd2 Re1 42. Bf3 Ra1 43. Be4 Bd4 44. Bf3 Ra3 45. Be4 Bc3 46. Rc2 Bb4 47. Rb2 Ke5 48. Kf3 Ra1 49. Re2 Kd4 50. Bf5 Rf1 51. Kg2 Rb1 52. Re6 Rb2 53. Kf1 f3 54.
Kg1 Rb1+ 55. Kh2 Bd2 56. Re4+ Kc3 0-1

[Event "*** Titled Tuesday Blitz"]
[Site "Chess.com"]
[Date "2019.12.03"]
[Round "3"]
[White "Glufs"]
[Black "riconaipe"]
[Result "0-1"]
[WhiteElo "2356"]
[BlackElo "2600"]
[TimeControl "180+2"]
[EndTime "13:36:59 PST"]
[Termination "riconaipe won on time"]

1. Nf3 d5 2. g3 c6 3. Bg2 Nf6 4. c4 Bg4 5. Ne5 Bh5 6. cxd5 cxd5 7. Nc3 e6 8. Qa4+ Nbd7 9. g4 Bg6 10. h4 b5 11. Qxb5 Rb8 12. Qa4 Rb4 13. Nc6 Rxa4 14. Nxd8 Rxg4 15. Bf3 Kxd8 16. Bxg4 Nxg4 17. h5 Bf5 18. d3 d4 19. Ne4 Bxe4 20. dxe4 Bb4+ 21. Kf1 Ke7 22. Kg2 Rc8 23. Bg5+ f6 24. Bf4 e5 25.
Bg3 Rc2 26. Kf3 Nh6 27. Rab1 Nf7 28. Bh4 Bd2 29. Rhg1 Bg5 30. Bg3 Nc5 31. Bh2 Ne6 32. a3 Bf4 33. Bxf4 exf4 34. Rgc1 Nfg5+ 35. Kg2 Rxe2 0-1

[Event "*** Titled Tuesday Blitz"]
[Site "Chess.com"]
[Date "2019.12.03"]
[Round "3"]
[White "chessdude"]
[Black "Vuk2000"]
[Result "0-1"]
[WhiteElo "2550"]
[BlackElo "2761"]
[TimeControl "180+2"]
[EndTime "13:37:00 PST"]
[Termination "Vuk2000 won by checkmate"]

1. c4 e5 2. g3 Nc6 3. Bg2 d6 4.
Nc3 g6 5. e3 Bg7 6. Nge2 Nge7 7.
Rb1 Bf5 8. d3 Qd7 9. Nd5 O-O 10.
e4 Bg4 11. f3 Bh3 12. O-O Bxg2 13. Kxg2 f5 14. b4 Nd8 15. b5 Ne6 16. Be3 a6 17. bxa6 Rxa6 18. Rxb7 Rxa2 19. Rf2 Nc6 20. Qb3 Ra6 21.
Rb5 Kh8 22. c5 f4 23. gxf4 exf4 24. Ndxf4 Ned4 25. Bxd4 Nxd4 26. Nxd4 Bxd4 27. Ne6 Qe7 28. Nxf8 Qg5+ 29. Kf1 Ra1+ 30. Ke2 Qe3# 0-1

[Event "*** Titled Tuesday Blitz"]
[Site "Chess.com"]
[Date "2019.12.03"]
[Round "3"]
[White "Spring199"]
[Black "skoularikii"]
[Result "1-0"]
[WhiteElo "2316"]
[BlackElo "2544"]
[TimeControl "180+2"]
[EndTime "13:37:00 PST"]
[Termination "Spring199 won on time"]

1. d4 Nf6 2. c4 e6 3. Nf3 d5 4.
g3 dxc4 5. Bg2 Bb4+ 6. Nbd2 O-O 7. Qc2 Nc6 8. Qxc4 Ne4 9. e3 Qd5 10. Qc2 Nxd2 11. Bxd2 Bxd2+ 12. Qxd2 Rd8 13. O-O e5 14. Qc3 e4 15. Nd2 f5 16. f3 exf3 17. Bxf3 Qd6 18.
Nc4 Qh6 19. Bxc6 Qxc6 20. Ne5 Qxc3 21. bxc3 c5 22. Rad1 Be6 23. c4 cxd4 24. exd4 g6 25. d5 Bf7 26. Rb1 b6 27. Nc6 Rd7 28. Rfe1 Kg7 29. a4 Rd6 30. Re7 Kf6 31. Rxa7 Re8 32. Kf2 Re4 33. Rc1 f4 34. Kf3 Re3+ 35. Kxf4 Re2 36.
Rf1 Be8 37. Kg4+ 1-0

[Event "*** Titled Tuesday Blitz"]
[Site "Chess.com"]
[Date "2019.12.03"]
[Round "3"]
[White "petincash"]
[Black "Misi_95"]
[Result "1-0"]
[WhiteElo "2432"]
[BlackElo "2676"]
[TimeControl "180+2"]
[EndTime "13:37:01 PST"]
[Termination "petincash won by resignation"]

1. e4 g6 2. Nc3 Bg7 3. h4 c6 4. h5 d5 5. exd5 cxd5 6. d4 Nc6 7. Bb5 Bd7 8. Bxc6 bxc6 9. h6 Bf6 10. Nf3 Bg4 11.
Be3 Qc7 12. Qd2 Bxf3 13. gxf3 e6 14. O-O-O Ne7 15. Bf4 Qd8 16. Na4 Nf5 17. Be5 Bxe5 18. dxe5 O-O 19. Nc5 Rb8 20. f4 Qb6 21. Qc3 Rfd8 22.
Qa3 a5 23. Rd3 Qb4 24. Rf3 Nd4 25. Re3 Nf5 26. Rf3 Rb6 27. Qxb4 Rxb4 28. Nd3 Re4 29. Re1 Nxh6 30. Rh3 Nf5 31. Rxe4 dxe4 32. Nc5 Rd4 33. c3 Rc4 34. Nd7 h5 35. Kd2 a4 36.
b3 axb3 37. axb3 e3+ 38. fxe3 Re4 39. Kd3 Rxe3+ 40. Rxe3 Nxe3 41. Kxe3 Kg7 42. b4 Kh6 43. Nb8 g5 44. Nxc6 h4 45. fxg5+ Kxg5 46. Kf3 h3 47. b5 h2 48. Kg2 Kf4 49. b6 Ke4 50. b7 Kd5 51. b8=Q Kxc6 52. Qe8+ Kd5 53. Qxf7 Kxe5 54.
Qf3 Kd6 55. Kxh2 e5 56. Qe4 Kc5 57. Kg2 Kd6 1-0

[Event "*** Titled Tuesday Blitz"]
[Site "Chess.com"]
[Date "2019.12.03"]
[Round "3"]
[White "piscatorox"]
[Black "PeshkaNavalnogo12"]
[Result "1-0"]
[WhiteElo "2246"]
[BlackElo "2445"]
[TimeControl "180+2"]
[EndTime "13:37:04 PST"]
[Termination "piscatorox won by checkmate"]

1. e4 c5 2. Nf3 d6 3. d4 cxd4 4. Qxd4 a6 5. h3 Nc6 6. Qe3 g6 7. c4 Nf6 8. Nc3 Bg7 9. Be2 O-O 10. O-O b6 11. Rb1 e6 12. Rd1 Qc7 13. b3 Bb7 14.
Ba3 Rfd8 15. Na4 Rab8 16. Nxb6 Nxe4 17. Qxe4 Qxb6 18. Qh4 Nd4 19. Nxd4 h6 20. Nf3 Qa5 21. Bxd6 Rbc8 22. a4 g5 23. Qg3 Be4 24. Rbc1 Qb6 25. Be5 Bf8 26. Rxd8 Rxd8 27. Nxg5 Bg6 28. Ne4 Be7 29.
Nf6+ Kf8 30. Qf4 Ba3 31. Qxh6+ Ke7 32. Rf1 Qxb3 33. Qh4 Rd2 34. Ne4+ f6 35. Qxf6+ Kd7 36. Nxd2 Qc2 37. Qf4 Bc5 38. Bf3 Bd3 39. Ne4 Be7 40.
Nf6+ Kd8 41. Qd4+ Kc8 42. Qd7# 1-0

[Event "*** Titled Tuesday Blitz"]
[Site "Chess.com"]
[Date "2019.12.03"]
[Round "3"]
[White "MateusViageiro"]
[Black "ChainsOfFantasia"]
[Result "0-1"]
[WhiteElo "2176"]
[BlackElo "2525"]
[TimeControl "180+2"]
[EndTime "13:37:09 PST"]
[Termination "ChainsOfFantasia won by resignation"]

1. e4 e6 2. Qe2 e5 3. Nf3 Nc6 4. Nc3 Nf6 5. d3 Bc5 6. Be3 Bxe3 7. fxe3 O-O 8. O-O-O d5 9. exd5 Nxd5 10. Nxd5 Qxd5 11.
Kb1 e4 12. dxe4 Qxe4 13. Nd4 Bg4 14. Nf3 Rad8 15. Re1 Ne5 16. Rg1 Bxf3 17. gxf3 Nxf3 18. Qg2 g6 19. Bd3 Qc6 20. Bb5 Nxe1 21. Qe2 Qxb5 22.
Qxe1 Rfe8 23. h4 Qe5 24. h5 Qxe3 25. Qf1 Qe2 26. Qc1 Qxh5 27. Rh1 Qe2 28. b3 Rd2 29. Kb2 Qe5+ 30. Kb1 Qc3 31. Rf1 Ree2 32. Rd1 Rxd1 33. Qxd1 Re1 34. Qxe1 Qxe1+ 0-1

[Event "*** Titled Tuesday Blitz"]
[Site "Chess.com"]
[Date "2019.12.03"]
[Round "3"]
[White "MasterKroket"]
[Black "saraswathii"]
[Result "1-0"]
[WhiteElo "2434"]
[BlackElo "2229"]
[TimeControl "180+2"]
[EndTime "13:37:12 PST"]
[Termination "MasterKroket won by resignation"]

1. d4 Nf6 2. c4 d6 3. Nc3 g6 4.
Nf3 Bg7 5. e4 O-O 6. Be2 Nfd7 7. O-O e5 8. d5 a6 9. b4 f5 10. Ng5 Nf6 11. c5 h6 12. Ne6 Bxe6 13.
dxe6 fxe4 14. cxd6 Qxd6 15. Bc4 Qxb4 16. e7+ Qxc4 17.
exf8=Q+ Bxf8 18. Bb2 Nc6 19. Rc1 Qe6 20. Re1 Qf5 21.
Qb3+ Kh8 22. Qxb7 Rb8 23. Qxc6 Rxb2 24. Nxe4 Nxe4 25. Qxe4 Qxf2+ 26. Kh1 Bg7 27. Rf1 Qb6 28. Rc6 Qb5 29. Rd1 Rd2 30. Rb1 Rb2 31. Rbc1 Rxa2 32.
Rxc7 Rb2 33. Qxg6 Qb8 1-0

[Event "*** Titled Tuesday Blitz"]
[Site "Chess.com"]
[Date "2019.12.03"]
[Round "3"]
[White "j2806"]
[Black "Kosche007"]
[Result "0-1"]
[WhiteElo "1915"]
[BlackElo "2319"]
[TimeControl "180+2"]
[EndTime "13:37:12 PST"]
[Termination "Kosche007 won on time"]

1. e4 c6 2. d4 d5 3. exd5 cxd5 4.
Bd3 Nc6 5. c3 Nf6 6. h3 g6 7.
Nf3 Bg7 8. Qe2 O-O 9. O-O Bf5 10. Bxf5 gxf5 11. Bf4 Ne4 12. Nbd2 e6 13. Ne5 Nxe5 14.
Bxe5 Bxe5 15. dxe5 Qg5 16. Nxe4 fxe4 17. f4 Qg7 18.
Rad1 Kh8 19. c4 Rad8 20. cxd5 exd5 21. Rd4 f6 22. e6 f5 23. Rfd1 Qf6 24. Rxd5 Rxd5 25.
Rxd5 Qxe6 26. Qb5 Rf7 27. Rd8+ Kg7 28. Qe5+ Qxe5 29. fxe5 Re7 30. Rd5 f4 31. Kf2 Kg6 32. g3 fxg3+ 33. Kxg3 Kf5 34. Rb5 b6 35. Kf2 Rxe5 36.
Rb3 Kf4 37. Rc3 Rc5 38. Rxc5 bxc5 39. Ke2 e3 40. b3 Ke4 41. h4 h5 0-1

[Event "*** Titled Tuesday Blitz"]
[Site "Chess.com"]
[Date "2019.12.03"]
[Round "3"]
[White "kacprekt"]
[Black "WorldChampionBulletChess"]
[Result "0-1"]
[WhiteElo "2329"]
[BlackElo "2098"]
[TimeControl "180+2"]
[EndTime "13:37:14 PST"]
[Termination "WorldChampionBulletChess won by resignation"]

1. d4 Nf6 2. c4 d6 3. Nc3 Bf5 4. f3 h6 5. e4 Bg6 6. Bd3 Nbd7 7. Nge2 e5 8. O-O Be7 9. Be3 exd4 10. Nxd4 c6 11. Nf5 Bxf5 12. exf5 Ne5 13. Be2 h5 14.
Ne4 Qd7 15. Nxf6+ Bxf6 16. f4 Ng4 17. Bxg4 hxg4 18. Qxg4 O-O-O 19. Bxa7 Rh4 20. Qg3 Rdh8 21. h3 R4h5 22. Rad1 Qxf5 23. Rxd6 Rxh3 24. gxh3 Rxh3 25. Qg2 Bh4 26. Rxc6+ Kd8 27. Rd1+ Ke7 28. Qe2+ Kf8 29. Bc5+ Kg8 30. Rd5 Rg3+ 31. Kh1 Qh3+ 32. Qh2 Qf1+ 33.
Bg1 Qf3+ 0-1

[Event "*** Titled Tuesday Blitz"]
[Site "Chess.com"]
[Date "2019.12.03"]
[Round "3"]
[White "Aleksandr_Kozak"]
[Black "nurgyulsalimova"]
[Result "0-1"]
[WhiteElo "2275"]
[BlackElo "2537"]
[TimeControl "180+2"]
[EndTime "13:37:15 PST"]
[Termination "nurgyulsalimova won by checkmate"]

1. e4 e5 2. Nf3 Nc6 3. Bb5 a6 4. Bxc6 dxc6 5. O-O f6 6. d4 exd4 7. Nxd4 Bd6 8. Nc3 Ne7 9. Be3 O-O 10. f4 c5 11. Nb3 b6 12. Qe2 Bb7 13. Rad1 Qe8 14. a4 a5 15. Nb5 Bxe4 16. Qc4+ Nd5 17. Rxd5 Bxd5 18. Qxd5+ Kh8 19. Bd2 Rd8 20. Qf3 c4 21. N3d4 Bc5 22. c3 c6 23. Na3 Bxd4+ 24. cxd4 Rxd4 25.
Bc3 Rd3 26. Qf2 b5 27. axb5 cxb5 28. Bxa5 Qh5 29. Bb4 Re8 30. Qc5 Qxc5+ 31. Bxc5 Re2 32. Nxb5 Rxb2 33. Nd4 Rdd2 34. Nf3 Rxg2+ 35. Kh1 c3 36.
Bd4 Rgc2 37. Ra1 h5 38. f5 Kh7 39. Ne1 Rxh2+ 40. Kg1 Rh4 41. Bxc3 Rg4+ 42. Kh1 Rb3 43. Bd2 Rh3# 0-1

[Event "*** Titled Tuesday Blitz"]
[Site "Chess.com"]
[Date "2019.12.03"]
[Round "3"]
[White "SirMittensofMittensville"]
[Black "Laico"]
[Result "0-1"]
[WhiteElo "2623"]
[BlackElo "2326"]
[TimeControl "180+2"]
[EndTime "13:37:15 PST"]
[Termination "Laico won by resignation"]

1. e4 e6 2. d4 d5 3. Nd2 Nf6 4. e5 Nfd7 5. Bd3 c5 6. c3 Nc6 7. Ne2 cxd4 8. cxd4 f6 9. exf6 Nxf6 10. Nf3 Bd6 11. O-O Qc7 12. Nc3 a6 13. Bg5 O-O 14. Bh4 Nh5 15. Bg3 Nxg3 16. hxg3 g6 17. Rc1 Qg7 18. Bb1 Bc7 19. Na4 Bd7 20. Nc5 Bb6 21.
Re1 Rac8 22. Nxe6 Bxe6 23. Rxe6 Nxd4 24. Rxc8 Rxc8 25. Rxb6 Rc1 26. Qxc1 Ne2+ 27. Kf1 Nxc1 28. Ne1 Qc7 29. Re6 Qc4+ 30. Kg1 Ne2+ 31. Kh2 Nd4 32. Re3 Qc1 33. Nd3 Qxb1 34. Nf4 Qxa2 35. Re7 Qxb2 36. Nxd5 Qxf2 37. Re8+ Kf7 38. Re7+ Kg8 39. Re8+ Kg7 40. Re7+ Kh6 41. Kh1 Ne2 42. Kh2 0-1